 Dungeon Crawl Stone Soup version 0.28-a0-984-g3775c662fe (webtiles) character file.

Game seed: 2381310207644088801

30431 Armakuni the Destroyer (level 13, -2/91 HPs)
             Began as a Human Conjurer on Nov 29, 2021.
             Was an Elder of Vehumet.
             Killed from afar by a bog body (34 damage)
             ... with a bolt of cold
             ... on level 4 of the Lair of Beasts on Dec 3, 2021.
             The game lasted 00:49:31 (17197 turns).

Armakuni the Destroyer (Human Conjurer)            Turns: 17197, Time: 00:49:31

Health: -2/91      AC: 10    Str: 13    XL:     13   Next: 88%
Magic:  30/37      EV: 16    Int: 22    God:    Vehumet [****..]
Gold:   2620       SH:  0    Dex: 13    Spells: 17/35 levels left

rFire   . . .      SeeInvis .   b - +6 dire flail (freeze)
rCold   . . .      Faith    .   (shield currently unavailable)
rNeg    . . .      Spirit   .   i - +0 troll leather armour
rPois   .          Reflect  .   z - +0 helmet {Int+3}
rElec   .          Harm     .   (no cloak)
rCorr   .          Rampage  .   j - +1 pair of gloves {Str+3}
Will    .....                   q - +1 pair of boots
Stlth   ++........              (no amulet)
HPRegen 1.05/turn               E - +4 ring of evasion
MPRegen 0.25/turn               l - ring of magical power

@: frozen, very slow
A: no striking features
a: Renounce Religion


You were on level 4 of the Lair of Beasts.
You worshipped Vehumet.
Vehumet was greatly pleased with you.
You visited 3 branches of the dungeon, and saw 14 of its levels.
You also visited: Volcano.

You collected 2620 gold pieces.

Inventory:

Hand Weapons
 a - a +0 lajatang
 b - a +6 dire flail of freezing (weapon)
 u - a +1 eveningstar of flaming
Armour
 i - a +0 troll leather armour (worn)
 j - a +1 pair of gloves of strength (worn)
 q - a +1 pair of boots (worn)
 z - a +0 helmet of intelligence (worn)
Jewellery
 l - a ring of magical power (right hand)
 E - a +4 ring of evasion (left hand)
 F - a ring of protection from fire
 I - a ring of see invisible
Wands
 y - a wand of polymorph (4)
Scrolls
 e - 2 scrolls of immolation
 h - 3 scrolls of teleportation
 m - a scroll of noise
 x - 3 scrolls of vulnerability
Potions
 c - a potion of attraction
 d - 2 potions of brilliance
 f - 8 potions of curing
 g - a potion of haste
 k - 2 potions of magic
 n - 2 potions of lignification {unknown}
 o - 3 potions of might {unknown}
 r - 2 potions of berserk rage {unknown}
 t - a potion of invisibility
 v - 5 potions of flight {unknown}
 w - 3 potions of mutation {unknown}
 A - 4 potions of ambrosia {unknown}
 C - a potion of resistance {unknown}


   Skills:
 - Level 5.0 Fighting
 - Level 5.0 Staves
 - Level 5.0 Armour
 - Level 2.0 Dodging
 - Level 2.0 Stealth
 + Level 11.8 Spellcasting
 + Level 14.6 Conjurations
 - Level 4.0 Translocations
 - Level 4.0 Fire Magic
 - Level 3.0 Air Magic
 - Level 3.0 Earth Magic
 - Level 3.0 Poison Magic
 - Level 4.0 Evocations


You had 17 spell levels left.
You knew the following spells:

 Your Spells              Type           Power      Damage    Failure   Level
a - Stone Arrow           Conj/Erth      100%       3d13      1%          3
b - Magic Dart            Conj           100%       1d8       0%          1
c - Mephitic Cloud        Conj/Pois/Air  43%        N/A       1%          3
m - Iskenderun's Mystic   Conj/Tloc      52%        2d11      1%          4
s - Sticky Flame          Conj/Fire      52%        2d7       1%          4
z - Searing Ray           Conj           100%       2d8       0%          2
A - Apportation           Tloc           60%        N/A       1%          1

Your spell library contained the following spells:

 Spells                   Type           Power      Damage    Failure   Level
 Sandblast                Erth           52%        2d12      1%          1
 Dazzling Flash           Conj/Hex       90%        N/A       1%          3
 Fulminant Prism          Conj/Hex       22%        3d13      1%          4
 Passwall                 Tmut/Erth      15%        N/A       4%          2
 Animate Skeleton         Necr           26%        N/A       6%          1
 Slow                     Hex            52%        N/A       6%          1
 Summon Small Mammal      Summ           52%        N/A       6%          1
 Confusing Touch          Hex            13%        N/A       19%         3
 Vampiric Draining        Necr           13%        2d6       19%         3
 Animate Dead             Necr           6%         N/A       52%         4
 Haunt                    Necr/Summ      6%         N/A       100%        7
 Infestation              Necr           6%         N/A       100%        8


Dungeon Overview and Level Annotations

Branches:
Dungeon (9/15)             Temple (1/1) D:7            Lair (4/6) D:9
  Swamp (0/4) Lair:4        Snake (0/4) Lair:4      Volcano (visited)
    Orc: D:9-12

Altars:
Ashenzari
Cheibriados
Dithmenos
Elyvilon
Fedhas
Gozag
Hepliaklqana
Kikubaaqudgha
Makhleb
Nemelex Xobeh
Okawaru
Qazlal
Ru
Sif Muna
Trog
Uskayaw
Vehumet
Wu Jian
Xom
Yredelemnul
Zin
The Shining One

Annotations:
D:8 Joseph
Lair:2 exclusion: oklob plant


Message History

A rime drake comes into view.
The rime drake hisses angrily.
Casting: Iskenderun's Mystic Blast (safe; 1% risk of failure)
Confirm with . or Enter, or press ? or * to list all spells.
Aiming: Sticky Flame (safe; 1% risk of failure)
Press: ? - help, Shift-Dir - straight line, f - bog body
Aim: a bog body (100% to hit)
The sticky flame hits the bog body.
The bog body resists.
The bog body is lightly damaged.
The bog body is covered in liquid flames!
The bog body burns!
The bog body touches you but does no damage.
You thump the bog body! You freeze the bog body.
The bog body is heavily damaged.
The bog body burns!
The rime drake breathes ice at you. The flash freeze hits you!!
You are encased in ice.
The bog body closely misses you.
Found an ominously black robe.
The bog body burns!
The bog body stops burning.
The bog body barely misses you.
You hit the bog body.
The bog body is severely damaged.
The ice encasing you melts away. The rime drake breathes ice at you.
The flash freeze hits you!
You are encased in ice.
The bog body touches you. The bog body freezes you!!
Casting: Sticky Flame (safe; 1% risk of failure)
Confirm with . or Enter, or press ? or * to list all spells.
You erupt in a blast of force!
The mystic blast hits the rime drake.
The rime drake is lightly wounded.
The rime drake is knocked back by the mystic blast.
The mystic blast hits the bog body!
The bog body is severely damaged.
The bog body is knocked back by the mystic blast.
The bog body casts a spell at you.
The bolt of cold hits the rime drake!!
The rime drake resists.
The bolt of cold hits you!!
You die...

###..≈ ≈§......
#...♣≈ § ......
#...§≈§§♣§.....
#..§≈♣§§......
#..§≈§♣§n....
#..........
#.......##
#....k..#
#....@.##
###.....#
#......#
##....##
#.....P#
##.....#
#.....##
##....##
#....(.#


You could see a bog body and a rime drake.

Vanquished Creatures
  A minotaur (Lair:4)
  Josephine (Lair:4)
  A catoblepas (Lair:3)
  5 hydras
  3 death yaks (D:9)
  2 deep trolls (D:8)
  A deep elf archer (Volcano)
  5 deep elf pyromancers (Volcano)
  An oklob plant (Lair:2)
  3 elephants (Lair:3)
  A black mamba (Lair:3)
  11 cane toads
  4 komodo dragons
  A rime drake (Lair:4)
  A queen bee (Lair:2)
  A blink frog (Lair:2)
  6 dream sheep (Lair:3)
  Sigmund (D:3)
  3 wyverns
  14 yaks
  3 wraiths (Lair:4)
  4 fire elementals (Volcano)
  3 basilisks
  Grum (D:8)
  3 steam dragons
  12 water moccasins
  4 nagas (Lair:4)
  3 hell hounds (Volcano)
  4 orc warriors
  An ice beast (D:8)
  A sky beast (D:7)
  2 necrophages
  A black bear (D:4)
  2 ogres
  10 wolves
  2 centaurs
  2 kobold brigands (D:9)
  Blork the orc (D:4)
  11 bullfrogs
  2 scorpions (D:5)
  2 wyvern zombies (D:8)
  A water moccasin zombie (D:4)
  27 killer bees (Lair:2)
  11 wights
  6 howler monkeys
  A centaur zombie (D:9)
  3 hounds
  3 orc priests
  A bullfrog skeleton (D:6)
  3 jellies
  2 gnoll shamans
  3 iguanas
  8 orc wizards
  A hell rat (D:9)
  A hound skeleton (D:4)
  9 adders
  23 gnolls
  4 river rats
  A white imp (D:6)
  An adder skeleton (D:4)
  A worm (D:2)
  7 dart slugs
  25 orcs
  10 endoplasms
  A giant cockroach (D:1)
  15 goblins
  5 hobgoblins
  21 kobolds
  4 quokkas
  6 ball pythons
  5 bats
  2 frilled lizards (D:2)
  4 rats
355 creatures vanquished.

Vanquished Creatures (others)
  A killer bee (Lair:2)
  16 fungi
  21 plants
38 creatures vanquished.

Grand Total: 393 creatures vanquished

Notes
Turn   | Place    | Note
-------+----------+-------------------------------------------
     0 | D:1      | Armakuni the Human Conjurer began the quest for the Orb.
     0 | D:1      | Reached XP level 1. HP: 13/13 MP: 3/3
    36 | D:1      | Found a faded altar of an unknown god.
   346 | D:1      | Reached XP level 2. HP: 19/19 MP: 1/5
   560 | D:1      | Learned a level 2 spell: Searing Ray
   851 | D:1      | Reached XP level 3. HP: 20/24 MP: 2/6
  1629 | D:2      | Reached XP level 4. HP: 30/30 MP: 4/8
  1867 | D:2      | You fall into a shaft and drop 2 floors!
  1867 | D:4      | Noticed Blork the orc
  1980 | D:4      | Killed Blork the orc
  1981 | D:4      | Reached skill level 5 in Conjurations
  1981 | D:4      | Reached XP level 5. HP: 24/35 MP: 1/10
  2164 | D:3      | Noticed Sigmund
  2176 | D:3      | Killed Sigmund
  2177 | D:3      | Reached skill level 6 in Conjurations
  2177 | D:3      | Reached XP level 6. HP: 35/41 MP: 1/12
  2923 | D:2      | Reached XP level 7. HP: 46/46 MP: 10/14
  3448 | D:3      | Reached skill level 5 in Spellcasting
  4356 | D:4      | Reached skill level 7 in Conjurations
  4456 | D:4      | Learned a level 4 spell: Iskenderun's Mystic Blast
  4580 | D:4      | Reached XP level 8. HP: 52/52 MP: 11/16
  4718 | D:4      | Learned a level 1 spell: Apportation
  5299 | D:5      | Entered Level 5 of the Dungeon
  6022 | D:5      | Reached XP level 9. HP: 57/57 MP: 9/18
  6186 | D:5      | Reached skill level 8 in Conjurations
  6426 | D:6      | Identified a scroll of acquirement
  6426 | D:6      | Acquired 712 gold pieces
  7344 | D:7      | Reached skill level 9 in Conjurations
  7357 | D:6      | Learned a level 3 spell: Stone Arrow
  7823 | D:7      | Found a staircase to the Ecumenical Temple.
  7838 | Temple   | Entered the Ecumenical Temple
  8006 | Temple   | Became a worshipper of Vehumet
  8774 | D:7      | Reached skill level 1 in Evocations
  9117 | D:8      | Reached XP level 10. HP: 63/63 MP: 17/22
  9306 | D:8      | Noticed a deep troll
  9316 | D:8      | Reached skill level 10 in Conjurations
  9321 | D:8      | Killed a deep troll
  9453 | D:8      | Noticed a deep troll
  9460 | D:8      | Killed a deep troll
  9461 | D:8      | Reached skill level 11 in Conjurations
  9689 | D:8      | Reached * piety under Vehumet
  9689 | D:8      | Offered knowledge of Shock by Vehumet.
  9692 | D:8      | Noticed Grum
  9707 | D:8      | Killed Grum
  9930 | D:8      | Noticed Joseph
  9967 | D:7      | Reached skill level 12 in Conjurations
 10306 | D:8      | Found the necklace of Bloodlust {*Rage Will++ Int-3 Slay+6}
 10857 | D:9      | Noticed a death yak
 10866 | D:9      | Noticed a death yak
 10868 | D:9      | Noticed a death yak
 10869 | D:9      | Killed a death yak
 10870 | D:9      | Reached skill level 1 in Fighting
 10870 | D:9      | Reached skill level 1 in Staves
 10870 | D:9      | Reached skill level 1 in Armour
 10870 | D:9      | Reached XP level 11. HP: 72/72 MP: 13/23
 10890 | D:9      | Killed a death yak
 10891 | D:9      | Killed a death yak
 10957 | D:9      | Found a staircase to the Lair.
 11023 | D:9      | Found a sparkling altar of Nemelex Xobeh.
 11037 | D:9      | Reached ** piety under Vehumet
 11037 | D:9      | Offered knowledge of Foxfire by Vehumet.
 11517 | Lair:1   | Entered Level 1 of the Lair of Beasts
 12740 | Lair:1   | Reached skill level 5 in Fighting
 12740 | Lair:1   | Reached skill level 5 in Staves
 12740 | Lair:1   | Reached skill level 5 in Armour
 12740 | Lair:1   | Upgraded the game from 0.28-a0-941-g140ffa10cf to
                  | 0.28-a0-984-g3775c662fe
 13067 | Lair:2   | Offered knowledge of Mephitic Cloud by Vehumet.
 13074 | Lair:2   | Reached XP level 12. HP: 37/86 MP: 11/24
 13247 | Lair:2   | Found a dark tunnel.
 13259 | Volcano  | Entered a volcano
 13432 | Volcano  | Reached skill level 10 in Spellcasting
 13436 | Volcano  | Learned a level 3 spell: Mephitic Cloud
 13606 | Volcano  | Reached *** piety under Vehumet
 13789 | Lair:2   | Reached skill level 13 in Conjurations
 13976 | Lair:2   | Offered knowledge of Olgreb's Toxic Radiance by Vehumet.
 14371 | Lair:2   | Reached **** piety under Vehumet
 14421 | Lair:2   | Offered knowledge of Sticky Flame by Vehumet.
 14428 | Lair:2   | Learned a level 4 spell: Sticky Flame
 14450 | Lair:2   | Reached skill level 1 in Fire Magic
 14602 | Lair:2   | Reached XP level 13. HP: 89/91 MP: 27/27
 15038 | Lair:2   | You fall into a shaft and drop 2 floors!
 15154 | Lair:4   | Acquired 969 gold pieces
 15174 | Lair:4   | Noticed Josephine
 15185 | Lair:4   | Killed Josephine
 15186 | Lair:4   | Reached skill level 1 in Air Magic
 15186 | Lair:4   | Reached skill level 1 in Earth Magic
 15186 | Lair:4   | Reached skill level 1 in Poison Magic
 15412 | Lair:3   | Noticed a catoblepas
 15543 | Lair:3   | Killed a catoblepas
 15938 | Lair:3   | Noticed a four-headed hydra
 15944 | Lair:3   | Killed a four-headed hydra
 15945 | Lair:3   | Reached skill level 14 in Conjurations
 16027 | Lair:3   | Noticed a four-headed hydra
 16033 | Lair:3   | Killed a four-headed hydra
 16036 | Lair:3   | Noticed a five-headed hydra
 16051 | Lair:3   | Killed a five-headed hydra
 16618 | Lair:4   | Found a staircase to the Snake Pit.
 16811 | Lair:4   | Noticed a seven-headed hydra
 16918 | Lair:4   | Identified the +0 robe "Yjyharif" {rPois}
 16934 | Lair:4   | Killed a seven-headed hydra
 17051 | Lair:4   | Noticed Rupert
 17051 | Lair:4   | Noticed a six-headed hydra
 17055 | Lair:4   | Noticed Rupert
 17055 | Lair:4   | Rupert changed into Rupert the minotaur
 17074 | Lair:4   | Killed Rupert the minotaur
 17083 | Lair:4   | Killed a six-headed hydra
 17187 | Lair:4   | Found a staircase to the Swamp.
 17197 | Lair:4   | Killed from afar by a bog body

Illustrated notes

Levels and vault maps discovered:
D:1:      lemuel_arrival_room, layout_loops_corners,
          shapermc_ecumenical_altar_gd, minmay_pentomino_w4
D:2:      layout_loops_ring
D:3:      layout_loops_ring, chequers_serial_rivers_room_a,
          corexii_item_surrounded_by_moat, minmay_ogre_servants, uniq_sigmund
D:4:      layout_cave_pods, minmay_misc_feat_pillars,
          hangedman_decor_clover_reticule, minmay_vboxes, uniq_blork_the_orc
D:5:      layout_cave_pools
D:6:      layout_rooms
D:7:      layout_basic, minmay_temple_entry_junction_2
D:8:      layout_basic, hellmonk_guarded_unrand_vitality_bloodlust, uniq_grum,
          uniq_joseph
D:9:      layout_irregular_city, mainiacjoe_overflow_alcove_4,
          dpeg_lair_monsters
Temple:   kilobyte_greek_temple
Lair:1:   layout_regular_city, nicolae_quartered_pool_medium, grunt_megastairs_5
Lair:2:   regret_index_harrowing_hell_hive, layout_hall_layers, enter_volcano_1,
          grunt_megastairs_2, lemuel_fruit_tree
Lair:3:   layout_cave_pods
Lair:4:   layout_big_grid, skrybe_swamp_entry_bodies,
          minmay_snake_entry_guardpost_small, ebering_ghost_xom, uniq_rupert,
          uniq_josephine

Skill      XL: |  1  2  3  4  5  6  7  8  9 10 11 12 13 |
---------------+----------------------------------------+-----
Spellcasting   | 3 4 5 6 8 10 11 | 11.8
Conjurations   | 5 6 7 9 12 13 14 | 14.6
Translocations | 4 |  4.0
Evocations     | 1 4 |  4.0
Fighting       | 1 5 |  5.0
Staves         | 1 5 |  5.0
Armour         | 1 5 |  5.0
Fire Magic     | 2 4 |  4.0
Air Magic      | 3 |  3.0
Earth Magic    | 3 |  3.0
Poison Magic   | 3 |  3.0
Dodging        | |  2.0
Stealth        | |  2.0

Action                   |  1- 3 |  4- 6 |  7- 9 | 10-12 | 13-15 || total
-------------------------+-------+-------+-------+-------+-------++-------
Melee: Dagger            |     1 |       |       |       |       ||     1
       Short sword       |     1 |    11 |    57 |       |       ||    69
       Scimitar          |       |       |     8 |       |       ||     8
       Dire flail        |       |       |       |   175 |    67 ||   242
Throw: Throwing net      |       |       |     1 |       |       ||     1
 Cast: Magic Dart        |    23 |       |       |       |       ||    23
       Searing Ray       |    16 |    28 |    65 |    15 |       ||   124
       Iskenderun's Myst |       |       |    26 |   116 |    49 ||   191
       Stone Arrow       |       |       |     8 |    11 |       ||    19
       Sticky Flame      |       |       |       |     4 |    37 ||    41
       Mephitic Cloud    |       |       |       |     4 |       ||     4
Evoke: Wand              |       |       |     4 |    28 |    20 ||    52
  Use: Scroll            |       |     5 |     8 |    10 |     3 ||    26
       Potion            |       |       |       |     1 |       ||     1
 Stab: Sleeping          |       |     2 |       |     1 |       ||     3
       Confused          |       |       |       |     1 |       ||     1
Armor: Robe              |     2 |     1 |    41 |       |       ||    44
       Troll leather arm |       |       |       |   120 |    38 ||   158
Dodge: Dodged            |    12 |    20 |   117 |   259 |    79 ||   487

Table legend: (Time is in decaauts)
 A = Elapsed time spent in this place.
 B = Non-inter-level travel time spent in this place.
 C = Inter-level travel time spent in this place.
 D = Time resting spent in this place.
 E = Time spent auto-exploring this place.
 F = Levels seen in this place.
 G = Mean time per level.
                   A        B        C        D        E       F      G
               +--------+--------+--------+--------+--------+-----+--------+
         Total |  17265 |  16755 |    510 |   4834 |   8705 |  15 | 1151.0 |
       Dungeon |  11412 |  11028 |    384 |   2831 |   6291 |   9 | 1268.0 |
        Temple |    206 |    169 |     37 |      0 |    157 |   1 |  206.0 |
          Lair |   5118 |   5029 |     89 |   1792 |   2186 |   4 | 1279.5 |
       Volcano |    527 |    527 |      0 |    211 |     71 |   1 |  527.0 |
               +--------+--------+--------+--------+--------+-----+--------+

Top non-repeatable levels by time:
  Lair:2: 1576 daAuts
     D:1: 1497 daAuts
  Lair:1: 1470 daAuts
     D:3: 1463 daAuts
     D:4: 1428 daAuts
     D:6: 1389 daAuts
     D:7: 1373 daAuts
     D:8: 1270 daAuts
  Lair:3: 1170 daAuts
     D:9: 1083 daAuts
     D:2: 1043 daAuts
  Lair:4: 900 daAuts
     D:5: 863 daAuts
 Volcano: 527 daAuts
  Temple: 206 daAuts
